SR
LADUE RAMS @ HICKSVILLE HOUNDS
08/24/2038
 
TOP OF THE 1ST
Ladue Rams batting - Pitching for Hicksville Hounds : RHP David Schrattenthaler
Pitching: RHP David Schrattenthaler
Batting: RHB Yong-hong Ren 0-0: Called Strike
0-1: Ball
1-1: Swinging Strike
1-2: Strikes out swinging
Batting: RHB Bastien Oudin 0-0: Ball
1-0: Ball
2-0: SINGLE (Groundball, 56D, EV 110.0 MPH)
Batting: SHB Diego Alejandro Secada 0-0: Called Strike
0-1: Ball
1-1: 2-RUN HOME RUN (Flyball, 9D, EV 98.8 MPH), Distance : 352 ft
Batting: LHB You-liang Yang 0-0: Ball
1-0: Called Strike
1-1: Ball
2-1: Ball
3-1: Base on Balls
Batting: RHB Jaime Burgos 0-0: Ball
1-0: Ball
2-0: 2-RUN HOME RUN (Flyball, 7LD, EV 102.5 MPH), Distance : 334 ft
Batting: RHB Bobby Norris 0-0: Called Strike
0-1: Ball
1-1: Ball
2-1: Called Strike
2-2: Foul Ball, location: 2F
2-2: Fly out, F8 (Flyball, 8RM, EV 85.0 MPH)
Batting: RHB Allan Callejo 0-0: Ball
1-0: Called Strike
1-1: Called Strike
1-2: Ball
2-2: Strikes out looking
Top of the 1st over - 4 runs, 3 hits, 0 errors, 0 left on base; Ladue 4 - Hicksville 0
BOTTOM OF THE 1ST
Hicksville Hounds batting - Pitching for Ladue Rams : RHP Mike Bennett
Pitching: RHP Mike Bennett
Batting: RHB Shi-yu Ting 0-0: Ball
1-0: Called Strike
1-1: Ball
2-1: Called Strike
2-2: Ball
3-2: Fly out, F9 (Flyball, 9S, EV 86.2 MPH)
Batting: LHB Robbie Care 0-0: Ball
1-0: Foul Ball, location: 2F
1-1: Fly out, F7 (Line Drive, 7, EV 89.4 MPH)
Batting: RHB Luther H. Greene 0-0: Called Strike
0-1: Ball
1-1: Called Strike
1-2: Ball
2-2: Ball
3-2: Foul Ball, location: 2F
3-2: Ground out 1-3 (Groundball, 13, EV 90.0 MPH)
Bottom of the 1st over - 0 runs, 0 hits, 0 errors, 0 left on base; Ladue 4 - Hicksville 0
TOP OF THE 2ND
Ladue Rams batting - Pitching for Hicksville Hounds : RHP David Schrattenthaler
Batting: RHB Justin Strong 0-0: Ball
1-0: Called Strike
1-1: Swinging Strike
1-2: SINGLE (Flyball, 9LM, EV 106.9 MPH)
Batting: LHB Pedro Marrero 0-0: Ball
1-0: Swinging Strike
1-1: Ball
2-1: Called Strike
2-2: Strikes out swinging
Batting: RHB Yong-hong Ren 0-0: Ball
1-0: Ball
2-0: Ball
3-0: Called Strike
3-1: Fly out, F6 (Line Drive, 6, EV 71.2 MPH)
Batting: RHB Bastien Oudin 0-0: Called Strike
0-1: Ball
1-1: Ball
2-1: Called Strike
2-2: Foul Ball, location: 2F
2-2: Ball
3-2: Ground out 6-3 (Groundball, 6, EV 109.4 MPH)
Top of the 2nd over - 0 runs, 1 hit, 0 errors, 1 left on base; Ladue 4 - Hicksville 0
BOTTOM OF THE 2ND
Hicksville Hounds batting - Pitching for Ladue Rams : RHP Mike Bennett
Batting: RHB Aloysius Szymanski 0-0: Called Strike
0-1: Foul Ball, location: 2F
0-2: Ball
1-2: Strikes out swinging
Batting: SHB Juan Alonso 0-0: Fly out, F8 (Flyball, 8RD, EV 90.0 MPH)
Batting: LHB Trent Armstrong 0-0: Foul Ball, location: 2F
0-1: Fly out, F8 (Flyball, 8RS, EV 93.1 MPH)
Bottom of the 2nd over - 0 runs, 0 hits, 0 errors, 0 left on base; Ladue 4 - Hicksville 0
TOP OF THE 3RD
Ladue Rams batting - Pitching for Hicksville Hounds : RHP David Schrattenthaler
Batting: SHB Diego Alejandro Secada 0-0: Ball
1-0: Ball
2-0: Called Strike
2-1: Ball
3-1: Called Strike
3-2: Strikes out swinging
Batting: LHB You-liang Yang 0-0: Ball
1-0: Fly out, F7 (Flyball, 7S, EV 95.0 MPH)
Batting: RHB Jaime Burgos 0-0: Foul Ball, location: 2F
0-1: Ground out 5-3 (Groundball, 56S, EV 81.9 MPH)
Top of the 3rd over - 0 runs, 0 hits, 0 errors, 0 left on base; Ladue 4 - Hicksville 0
BOTTOM OF THE 3RD
Hicksville Hounds batting - Pitching for Ladue Rams : RHP Mike Bennett
Batting: RHB Adam Black 0-0: Called Strike
0-1: Called Strike
0-2: Strikes out swinging
Batting: RHB Rafael Briones 0-0: Ball
1-0: Foul Ball, location: 2F
1-1: Ball
2-1: Ball
3-1: Swinging Strike
3-2: Strikes out swinging
Batting: LHB Michael Cherry 0-0: Called Strike
0-1: Ball
1-1: Called Strike
1-2: Foul Ball, location: 2F
1-2: Ball
2-2: DOUBLE (Line Drive, 89M, EV 103.1 MPH)
Batting: RHB Shi-yu Ting 0-0: Ball
1-0: Ground out 1-3 (Groundball, 34S, EV 82.5 MPH)
Bottom of the 3rd over - 0 runs, 1 hit, 0 errors, 1 left on base; Ladue 4 - Hicksville 0
TOP OF THE 4TH
Ladue Rams batting - Pitching for Hicksville Hounds : RHP David Schrattenthaler
Batting: RHB Bobby Norris 0-0: Called Strike
0-1: Ball
1-1: Called Strike
1-2: Strikes out swinging
Batting: RHB Allan Callejo 0-0: Foul Ball, location: 2F
0-1: Ball
1-1: Foul Ball, location: 2F
1-2: TRIPLE (Flyball, 7D, EV 90.6 MPH)
Batting: RHB Justin Strong 0-0: Foul Ball, location: 2F
0-1: Foul Ball, location: 2F
0-2: Foul Ball, location: 2F
0-2: Strikes out swinging
Batting: LHB Pedro Marrero 0-0: Called Strike
0-1: Ball
1-1: Swinging Strike
1-2: Ball
2-2: Foul Ball, location: 2F
2-2: Strikes out looking
Top of the 4th over - 0 runs, 1 hit, 0 errors, 1 left on base; Ladue 4 - Hicksville 0
BOTTOM OF THE 4TH
Hicksville Hounds batting - Pitching for Ladue Rams : RHP Mike Bennett
Batting: LHB Robbie Care 0-0: Ground out U3 (Groundball, 3, EV 110.6 MPH)
Batting: RHB Luther H. Greene 0-0: Ball
1-0: Fly out, F8 (Line Drive, 8RD, EV 108.8 MPH)
Batting: RHB Aloysius Szymanski 0-0: Foul Ball, location: 2F
0-1: Foul Ball, location: 2F
0-2: Foul Ball, location: 2F
0-2: Ball
1-2: Ball
2-2: Strikes out looking
Bottom of the 4th over - 0 runs, 0 hits, 0 errors, 0 left on base; Ladue 4 - Hicksville 0
TOP OF THE 5TH
Ladue Rams batting - Pitching for Hicksville Hounds : RHP David Schrattenthaler
Batting: RHB Yong-hong Ren 0-0: DOUBLE (Line Drive, 8LXD, EV 104.4 MPH) - OUT at third base trying to stretch hit.
Batting: RHB Bastien Oudin 0-0: Ball
1-0: Ball
2-0: Foul Ball, location: 2F
2-1: Foul Ball, location: 2F
2-2: Ball
3-2: Fly out, F8 (Flyball, 8LS, EV 85.0 MPH)
Batting: SHB Diego Alejandro Secada 0-0: Called Strike
0-1: Ball
1-1: Called Strike
1-2: Ground out U3 (Groundball, 34, EV 86.2 MPH)
Top of the 5th over - 0 runs, 1 hit, 0 errors, 0 left on base; Ladue 4 - Hicksville 0
BOTTOM OF THE 5TH
Hicksville Hounds batting - Pitching for Ladue Rams : RHP Mike Bennett
Batting: SHB Juan Alonso 0-0: Called Strike
0-1: Ball
1-1: Ball
2-1: Fly out, F7 (Line Drive, 7, EV 93.1 MPH)
Batting: LHB Trent Armstrong 0-0: Fly out, F7 (Flyball, 78D, EV 98.8 MPH)
Batting: RHB Adam Black 0-0: Ball
1-0: Foul Ball, location: 2F
1-1: DOUBLE (Line Drive, 7LS, EV 104.4 MPH)
Batting: RHB Rafael Briones 0-0: Ball
1-0: Called Strike
1-1: Ball
2-1: Foul Ball, location: 2F
2-2: Ground out 6-3 (Groundball, 6, EV 93.1 MPH)
Bottom of the 5th over - 0 runs, 1 hit, 0 errors, 1 left on base; Ladue 4 - Hicksville 0
TOP OF THE 6TH
Ladue Rams batting - Pitching for Hicksville Hounds : RHP David Schrattenthaler
Batting: LHB You-liang Yang 0-0: Foul Ball, location: 2F
0-1: Ball
1-1: Ball
2-1: Ball
3-1: Foul Ball, location: 2F
3-2: Foul Ball, location: 2F
3-2: Strikes out swinging
Batting: RHB Jaime Burgos 0-0: Ball
1-0: Foul Ball, location: 2F
1-1: Foul Ball, location: 2F
1-2: Foul Ball, location: 2F
1-2: Ball
2-2: Ball
3-2: Foul Ball, location: 2F
3-2: TRIPLE (Line Drive, 89XD, EV 108.8 MPH)
Batting: RHB Bobby Norris 0-0: Intentional Walk
Batting: RHB Allan Callejo 0-0: Foul Ball, location: 2F
0-1: Foul Ball, location: 2F
0-2: Ball
1-2: Fly out, F9 (Line Drive, 9D, EV 87.5 MPH)
Runner from 3rd tags up, SCORES, throw by RF
Batting: RHB Justin Strong 0-0: Called Strike
0-1: Ball
1-1: Called Strike
1-2: Strikes out looking
Top of the 6th over - 1 run, 1 hit, 0 errors, 1 left on base; Ladue 5 - Hicksville 0
BOTTOM OF THE 6TH
Hicksville Hounds batting - Pitching for Ladue Rams : RHP Mike Bennett
Batting: LHB Michael Cherry 0-0: Ball
1-0: Ball
2-0: Fly out, F8 (Flyball, 8RS, EV 82.5 MPH)
Batting: RHB Shi-yu Ting 0-0: SINGLE (Groundball, 5, EV 84.4 MPH) (infield hit)
Batting: LHB Robbie Care 0-0: Ball
1-0: Ball
2-0: Called Strike
2-1: Called Strike
2-2: Foul Ball, location: 2F
2-2: Strikes out swinging
Batting: RHB Luther H. Greene 0-0: Ball
1-0: Swinging Strike
1-1: Swinging Strike
1-2: Ball
2-2: Foul Ball, location: 2F
2-2: Ball
3-2: Ground out 4-3 (Groundball, 4, EV 85.6 MPH)
Bottom of the 6th over - 0 runs, 1 hit, 0 errors, 1 left on base; Ladue 5 - Hicksville 0
TOP OF THE 7TH
Ladue Rams batting - Pitching for Hicksville Hounds : RHP David Schrattenthaler
Pitching: LHP José Martínez
Batting: LHB Pedro Marrero 0-0: Ball
1-0: Called Strike
1-1: Ball
2-1: Foul Ball, location: 2F
2-2: Ground out 1-3 (Groundball, 34S, EV 86.2 MPH)
Batting: RHB Yong-hong Ren 0-0: Swinging Strike
0-1: Swinging Strike
0-2: Fly out, F8 (Flyball, 8LXD, EV 108.1 MPH)
Batting: RHB Bastien Oudin 0-0: Ground out 6-3 (Groundball, 4M, EV 100.6 MPH)
Top of the 7th over - 0 runs, 0 hits, 0 errors, 0 left on base; Ladue 5 - Hicksville 0
BOTTOM OF THE 7TH
Hicksville Hounds batting - Pitching for Ladue Rams : RHP Mike Bennett
Batting: RHB Aloysius Szymanski 0-0: Called Strike
0-1: Called Strike
0-2: Ball
1-2: Foul Ball, location: 2F
1-2: Strikes out swinging
Batting: SHB Juan Alonso 0-0: Ball
1-0: Called Strike
1-1: Ball
2-1: Called Strike
2-2: Ball
3-2: SINGLE (Groundball, 23, EV 68.1 MPH) (infield hit)
Batting: LHB Trent Armstrong 0-0: Called Strike
0-1: Ball
1-1: Ball
2-1: Fly out, F7 (Line Drive, 7, EV 105.6 MPH)
Batting: RHB Adam Black 0-0: Ball
1-0: Called Strike
1-1: Foul Ball, location: 2F
1-2: Strikes out swinging
Bottom of the 7th over - 0 runs, 1 hit, 0 errors, 1 left on base; Ladue 5 - Hicksville 0
TOP OF THE 8TH
Ladue Rams batting - Pitching for Hicksville Hounds : LHP José Martínez
Batting: SHB Diego Alejandro Secada 0-0: Ball
1-0: Ball
2-0: Ball
3-0: Base on Balls
Batting: LHB You-liang Yang 0-0: Foul Ball, location: 2F
0-1: Ball
1-1: Swinging Strike
1-2: Strikes out swinging
Batting: RHB Jaime Burgos 0-0: Ball
1-0: Foul Ball, location: 2F
1-1: SINGLE (Groundball, 6D, EV 110.6 MPH)
Diego Alejandro Secada to second
Batting: RHB Bobby Norris 0-0: Called Strike
0-1: Swinging Strike
0-2: Ball
1-2: Ball
2-2: Foul Ball, location: 2F
2-2: Strikes out swinging
Batting: RHB Allan Callejo 0-0: Ball
1-0: Ball
2-0: Called Strike
2-1: Ball
3-1: Foul Ball, location: 2F
3-2: Strikes out swinging
Top of the 8th over - 0 runs, 1 hit, 0 errors, 2 left on base; Ladue 5 - Hicksville 0
BOTTOM OF THE 8TH
Hicksville Hounds batting - Pitching for Ladue Rams : RHP Mike Bennett
Batting: RHB Rafael Briones 0-0: Foul Ball, location: 2F
0-1: Ball
1-1: Fly out, F9 (Flyball, 89D, EV 98.1 MPH)
Batting: LHB Michael Cherry 0-0: Ball
1-0: Ball
2-0: Called Strike
2-1: Ball
3-1: Ground out 6-3 (Groundball, 6, EV 77.5 MPH)
Batting: RHB Shi-yu Ting 0-0: Ball
1-0: Foul Ball, location: 2F
1-1: Foul Ball, location: 2F
1-2: Strikes out swinging
Bottom of the 8th over - 0 runs, 0 hits, 0 errors, 0 left on base; Ladue 5 - Hicksville 0
TOP OF THE 9TH
Ladue Rams batting - Pitching for Hicksville Hounds : LHP José Martínez
Batting: RHB Justin Strong 0-0: Ball
1-0: SINGLE (Flyball, 7LM, EV 90.0 MPH)
Batting: LHB Pedro Marrero 0-0: Called Strike
0-1: Swinging Strike
0-2: Ball
1-2: Ball
2-2: Foul Ball, location: 2F
2-2: Ball
3-2: Strikes out looking
Justin Strong is caught stealing 2nd base 2-6
Batter strikes out.
Batting: RHB Yong-hong Ren 0-0: Foul Ball, location: 2F
0-1: Ball
1-1: Ball
2-1: Called Strike
2-2: Reached on error, E4 (Popup, 4, EV 74.4 MPH)
Pitching: RHP Leonardo Trujillo
Batting: RHB Bastien Oudin 0-0: Ball
1-0: Fielders Choice at 2nd, 5-4 (Groundball, 56, EV 87.5 MPH)
Top of the 9th over - 0 runs, 1 hit, 1 error, 1 left on base; Ladue 5 - Hicksville 0
BOTTOM OF THE 9TH
Hicksville Hounds batting - Pitching for Ladue Rams : RHP Mike Bennett
Batting: LHB Robbie Care 0-0: Ball
1-0: Ball
2-0: Swinging Strike
2-1: Ball
3-1: Foul Ball, location: 2F
3-2: Fly out, F9 (Flyball, 9LS, EV 93.8 MPH)
Pitching: LHP Jack Fisher
Batting: RHB Luther H. Greene 0-0: Ball
1-0: Ball
2-0: Called Strike
2-1: Foul Ball, location: 2F
2-2: SOLO HOME RUN (Flyball, 78XD, EV 94.4 MPH), Distance : 403 ft
Batting: RHB Aloysius Szymanski 0-0: Ball
1-0: Called Strike
1-1: Ball
2-1: Called Strike
2-2: Ball
3-2: Foul Ball, location: 2F
3-2: Base on Balls
Batting: SHB Juan Alonso 0-0: Ball
1-0: Swinging Strike
1-1: Foul Ball, location: 2F
1-2: Ball
2-2: Ball
3-2: Strikes out swinging
Batting: LHB Trent Armstrong 0-0: Ball
1-0: SINGLE (Groundball, 25, EV 63.8 MPH) (infield hit)
Aloysius Szymanski to second
Pitching: LHP Dylan Mugglestone
Batting: RHB Adam Black 0-0: Ball
1-0: Ball
2-0: Ball
3-0: Called Strike
3-1: Foul Ball, location: 2F
3-2: Strikes out swinging
Bottom of the 9th over - 1 run, 2 hits, 0 errors, 2 left on base; Ladue 5 - Hicksville 1
Friday, April 17th, 2020 - OOTP Baseball 20.8 Build 74